 Dungeon Crawl Stone Soup version 0.23.1 (webtiles) character file.

Game seed: 17695704978388594320

6910 Hasart the Basher (level 11, -1/71 HPs)
             Began as a Gargoyle Fighter on Mar 2, 2019.
             Was a High Priest of Okawaru.
             Slain by an ice beast (5 damage)
             ... summoned by Fannar
             ... on level 10 of the Dungeon.
             The game lasted 00:24:32 (10160 turns).

Hasart the Basher (Gargoyle Fighter)               Turns: 10160, Time: 00:24:34

Health: -1/71      AC: 35    Str: 22      XL:     11   Next: 7%
Magic:  10/16      EV:  8    Int:  9      God:    Okawaru [*****.]
Gold:   521        SH: 11    Dex:  9 (10) Spells: 10/10 levels left

rFire    . . .     SeeInvis .   t - +2 mace (protect)
rCold    . . .     Gourm    .   c - +0 shield
rNeg     + . .     Faith    +   n - +0 plate armour
rPois    ∞         Spirit   .   (no helmet)
rElec    +         Reflect  .   L - scarf {repulsion}
rCorr    .         Harm     .   P - +1 pair of gloves
MR       .....                  K - +0 pair of boots
Stlth    ..........             i - amulet of faith
HPRegen  0.21/turn              C - +3 ring of protection
MPRegen  0.15/turn              (no ring)

@: heroism, finesse, protection aura, repel missiles
A: negative energy resistance 1, electricity resistance, unbreathing,
petrification resistance, rot immunity, AC +8
a: Heroism, Finesse, Renounce Religion


You were on level 10 of the Dungeon.
You worshipped Okawaru.
Okawaru was extremely pleased with you.
You were not hungry.

You visited 1 branch of the dungeon, and saw 10 of its levels.
You also visited: Bailey.

You collected 521 gold pieces.

Inventory:

Hand Weapons
 t - a +2 mace of protection (weapon)
Missiles
 h - 9 tomahawks
 y - a javelin of returning (quivered)
 G - 2 javelins of penetration
Armour
 c - a +0 shield (worn)
 n - a +0 plate armour (worn)
 K - a +0 pair of boots (worn)
 L - a scarf of repulsion (worn)
 P - a +1 pair of gloves (worn)
Jewellery
 i - an amulet of faith (around neck)
 v - an uncursed ring of fire
 C - a +3 ring of protection (left hand)
Wands
 u - a wand of random effects (13)
 A - a wand of flame (16)
 H - a wand of iceblast (18)
 J - a wand of disintegration (11)
 R - a wand of polymorph (4)
Scrolls
 a - 2 scrolls of noise {unknown}
 b - 5 scrolls of identify {unknown}
 d - a scroll of blinking {unknown}
 e - 4 scrolls of fear {unknown}
 g - 6 scrolls of remove curse {unknown}
 m - 5 scrolls of teleportation {unknown}
 p - 3 scrolls of amnesia {unknown}
 q - 2 scrolls of magic mapping {unknown}
 w - 2 scrolls of random uselessness {unknown}
 x - 3 scrolls of enchant weapon {unknown}
 z - 2 scrolls of enchant armour {unknown}
 Q - a scroll of fog {unknown}
Potions
 j - a potion of lignification
 k - a potion of flight {unknown}
 l - a potion of mutation {unknown}
 o - a potion of invisibility {unknown}
 r - a potion of haste {unknown}
 s - 4 potions of curing {unknown}
 B - 2 potions of experience {unknown}
 D - a potion of berserk rage {unknown}
 E - a potion of brilliance {unknown}
 F - a potion of agility {unknown}
 I - a potion of cancellation {unknown}
 M - a potion of degeneration {unknown}
Comestibles
 f - 13 rations
 N - 3 chunks of flesh


   Skills:
 + Level 9.1(14.1) Fighting
 * Level 11.0(16.0) Maces & Flails
 + Level 5.3(10.3) Throwing
 + Level 3.8(8.8) Armour
 + Level 1.2(6.2) Dodging
 + Level 3.9(8.9) Shields
 + Level 7.8 Invocations


You had 10 spell levels left.
You didn't know any spells.
Your spell library contained the following spells:

 Spells                   Type           Power        Failure   Level  Hunger
 Animate Skeleton         Necr           N/A          100%        1    ##.....
 Apportation              Tloc           #.....       100%        1    ##.....
 Confusing Touch          Hex            #.....       100%        1    ##.....
 Corona                   Hex            #......      100%        1    ##.....
 Sandblast                Erth           #.....       100%        1    ##.....
 Summon Small Mammal      Summ           #...         100%        1    ##.....
 Passwall                 Tmut/Erth      #.......     100%        2    ###....
 Slow                     Hex            #.......     100%        2    ###....
 Inner Flame              Hex/Fire       #.......     100%        3    ####...
 Portal Projectile        Hex/Tloc       #.....       100%        3    ####...
 Stone Arrow              Conj/Erth      #.....       100%        3    ####...
 Cause Fear               Hex            #.........   100%        4    #####..
 Leda's Liquefaction      Hex/Erth       #.........   100%        4    #####..
 Petrify                  Tmut/Erth      #.......     100%        4    #####..
 Lee's Rapid Deconstruct  Erth           #.........   100%        5    ######.


Dungeon Overview and Level Annotations

Branches:
Dungeon (10/15)            Temple (0/1) D:4            Lair (0/6) D:10
    Orc: D:9-12

Altars:
Ashenzari
Cheibriados
Dithmenos
Elyvilon
Kikubaaqudgha
Makhleb
Nemelex Xobeh
Okawaru
Ru
Vehumet
Zin
The Shining One

Shops:
D:7 (

Annotations:
D:4 2 transporters, Malhgor's ghost, amateur TrMo
D:10 Fannar


Innate Abilities, Weirdness & Mutations

You are resistant to torment.
Your stone body is resilient. (AC +8)
You are immune to poison.
You resist negative energy. (rN+)
You are resistant to electric shocks. (rElec)
You can survive without breathing.
You are immune to petrification.
You are immune to rotting.


Message History

Fannar is severely wounded.
You block the ice beast's attack.
You closely miss Fannar.
Fannar is severely wounded.
You block the ice beast's attack.
You hit Fannar but do no damage.
Fannar is severely wounded.
Fannar barely misses you. You block the ice beast's attack.
You sock Fannar!
Fannar is almost dead.
You hit Fannar but do no damage.
Fannar is almost dead.
You block the ice beast's attack.
You hit Fannar but do no damage.
Fannar is almost dead.
Fannar glares icily.
Fannar hits you but does no damage. The ice beast hits you.
* * * LOW HITPOINT WARNING * * *
The ice beast freezes you.
You die...

###...... #####
###...........
.....######.............
........................
........................
........###.............
........# ##............
........## #....Ye......
.........# #..?.@Y......
........## #............
.......## #.............
.....### #...##........#
....## #..#####....###
..#..# #... #####
####.###....
≈...........
.÷.≈...≈≈...


You could see Fannar and 2 ice beasts.

Vanquished Creatures
  A two-headed ogre (D:8)
  Pikel (D:8)
  An orc knight (Bailey)
  Prince Ribbit (D:8)
  A troll (D:10)
  2 hippogriffs
  2 wyverns
  Eustachio (D:5)
  Duvessa (D:4)
  A sky beast (D:6)
  4 orc warriors (Bailey)
  7 ogres
  2 phantoms (D:6)
  5 centaurs
  A crocodile (D:9)
  6 bullfrogs
  A water moccasin zombie (D:10)
  Dowan (D:4)
  2 scorpions
  2 killer bees (D:10)
  A water moccasin skeleton (D:7)
  3 electric eels (D:10)
  2 howler monkeys (D:6)
  5 crimson imps
  3 quasits
  5 hounds (D:10)
  2 orc priests
  2 jellies
  Crazy Yiuf (D:3)
  A centaur skeleton (D:5)
  3 iguanas
  8 orc wizards
  4 worker ants
  A killer bee zombie (D:6)
  A hound skeleton (D:5)
  A howler monkey skeleton (D:5)
  22 gnolls
  9 adders
  2 oozes
  An adder zombie (D:5)
  2 adder skeletons
  3 worms
  3 dart slugs
  4 leopard geckos
  37 orcs
  2 giant cockroaches
  19 goblins
  20 hobgoblins
  12 jackals
  5 quokkas
  10 bats
  7 frilled lizards
  A jackal skeleton (D:5)
  5 kobolds
  A leopard gecko skeleton (D:5)
  A leopard gecko zombie (D:8)
  2 quokka skeletons
  8 rats
262 creatures vanquished.

Notes
Turn   | Place    | Note
-------+----------+-------------------------------------------
     0 | D:1      | Hasart the Gargoyle Fighter began the quest for the Orb.
     0 | D:1      | Reached XP level 1. HP: 14/14 MP: 1/1
   103 | D:1      | Reached XP level 2. HP: 17/19 MP: 2/2
   645 | D:1      | Reached skill level 3 in Maces & Flails
   645 | D:1      | Reached XP level 3. HP: 20/24 MP: 3/3
  1247 | D:2      | Found an iron altar of Okawaru.
  1256 | D:2      | Became a worshipper of Warmaster Okawaru
  1300 | D:2      | Reached XP level 4. HP: 20/29 MP: 4/4
  1808 | D:2      | Found a faded altar of an unknown god.
  1986 | D:3      | Reached skill level 4 in Maces & Flails
  2016 | D:3      | Reached XP level 5. HP: 5/34 MP: 5/5
  2115 | D:3      | Reached skill level 1 in Invocations
  2289 | D:3      | Found a burning altar of Makhleb.
  2290 | D:3      | Found a radiant altar of Vehumet.
  2294 | D:3      | Reached * piety under Okawaru
  2363 | D:3      | Reached skill level 1 in Throwing
  2818 | D:3      | Found a snail-covered altar of Cheibriados.
  2838 | D:4      | Reached XP level 6. HP: 27/39 MP: 7/7
  2993 | D:4      | Found a shattered altar of Ashenzari.
  3001 | D:4      | Reached skill level 5 in Maces & Flails
  3049 | D:4      | Reached skill level 5 in Fighting
  3147 | D:4      | Reached XP level 7. HP: 25/44 MP: 8/8
  3405 | D:3      | Found a runed translucent door.
  3406 | D:3      | Noticed Crazy Yiuf
  3495 | D:3      | Killed Crazy Yiuf
  3549 | D:4      | Noticed Duvessa
  3549 | D:4      | Noticed Dowan
  3574 | D:4      | Killed Duvessa
  3574 | D:4      | Reached ** piety under Okawaru
  3580 | D:4      | Killed Dowan
  3667 | D:4      | Found a staircase to the Ecumenical Temple.
  3780 | D:4      | Identified the +3 dire flail "Iniud" {elec, Int+7}
  3783 | D:4      | Noticed Malhgor's ghost (amateur TrMo)
  3785 | D:4      | Found a transporter.
  3789 | D:4      | Found a transporter.
  4043 | D:4      | You fall through a shaft for 3 floors!
  4043 | D:7      | Found Nuef's Antique Weapon Shoppe.
  4060 | D:7      | Reached skill level 6 in Maces & Flails
  4228 | D:7      | Reached XP level 8. HP: 30/51 MP: 10/10
  4354 | D:7      | Found a flagged portal.
  4436 | Bailey   | Entered a bailey
  4626 | Bailey   | Reached *** piety under Okawaru
  4843 | Bailey   | Reached skill level 7 in Maces & Flails
  5253 | Bailey   | Noticed an orc knight
  5283 | Bailey   | Killed an orc knight
  5283 | Bailey   | Reached **** piety under Okawaru
  5283 | Bailey   | Reached skill level 5 in Invocations
  5283 | Bailey   | Reached XP level 9. HP: 13/56 MP: 12/12
  5447 | Bailey   | Reached skill level 8 in Maces & Flails
  5454 | Bailey   | Noticed an orc warlord
  6293 | D:6      | Reached ***** piety under Okawaru
  6293 | D:6      | Reached skill level 9 in Maces & Flails
  6293 | D:6      | Reached skill level 5 in Throwing
  6397 | D:5      | Entered Level 5 of the Dungeon
  6617 | D:5      | Reached XP level 10. HP: 47/64 MP: 14/14
  6713 | D:5      | Noticed Eustachio
  6754 | D:5      | Killed Eustachio
  7090 | D:5      | Found a sparkling altar of Nemelex Xobeh.
  7381 | D:5      | Found a white marble altar of Elyvilon.
  7381 | D:5      | Found a glowing silver altar of Zin.
  7381 | D:5      | Found a glowing golden altar of the Shining One.
  7702 | D:4      | Found a sparkling altar of Nemelex Xobeh.
  7703 | D:4      | Found a shadowy altar of Dithmenos.
  7822 | D:7      | Found a sacrificial altar of Ru.
  8055 | D:8      | Noticed Prince Ribbit
  8113 | D:8      | Noticed a two-headed ogre
  8131 | D:8      | Killed a two-headed ogre
  8131 | D:8      | Received a gift from Okawaru
  8131 | D:8      | Reached skill level 10 in Maces & Flails
  8886 | D:8      | Found an ancient bone altar of Kikubaaqudgha.
  8995 | D:8      | Noticed Pikel
  9039 | D:8      | Killed Pikel
  9122 | D:8      | Killed Prince Ribbit
  9633 | D:10     | Entered Level 10 of the Dungeon
  9724 | D:10     | Reached skill level 1 in Dodging
  9724 | D:10     | Reached XP level 11. HP: 45/71 MP: 16/16
  9917 | D:10     | Found a staircase to the Lair.
  9938 | D:10     | Reached skill level 11 in Maces & Flails
 10103 | D:10     | Noticed Fannar
 10144 | D:10     | HP: 3/71 [Fannar/bolt of cold (18)]
 10160 | D:10     | Slain by an ice beast

Skill      XL: |  1  2  3  4  5  6  7  8  9 10 11 |
---------------+----------------------------------+-----
Maces & Flails | 3 4 5 6 7 9 10 11 | 11.0
Fighting       | 4 5 6 7 9 |  9.1
Invocations    | 1 2 3 5 6 7 |  7.8
Throwing       | 1 2 4 5 |  5.3
Dodging        | 1 |  1.2
Armour         | |  3.8
Shields        | |  3.9

Action                   |  1- 3 |  4- 6 |  7- 9 | 10-12 || total
-------------------------+-------+-------+-------+-------++-------
Melee: Flail             |   150 |   281 |    11 |       ||   442
       Mace              |       |       |   580 |   482 ||  1062
Throw: Javelin           |       |       |     4 |    24 ||    28
       Tomahawk          |       |       |       |     2 ||     2
Invok: Heroism           |       |       |     2 |     1 ||     3
       Finesse           |       |       |       |     1 ||     1
Evoke: Wand              |       |       |     2 |       ||     2
  Use: Potion            |       |       |     1 |     2 ||     3
  Eat: Chunk             |     2 |     6 |    12 |     9 ||    29
       Ration            |       |       |       |     1 ||     1
Armor: Scale mail        |    83 |     2 |       |       ||    85
       Plate armour      |       |   306 |   453 |   332 ||  1091
       Skin              |       |       |       |    12 ||    12
Dodge: Dodged            |    54 |    55 |    85 |    83 ||   277
       Deflected         |       |       |       |     1 ||     1
Block: Shield            |    96 |   171 |   293 |   195 ||   755
